 Dungeon Crawl Stone Soup version 0.19-a0-606-gee5277e (webtiles) character file.

779 Kenran the Grappler (level 7, -1/46 HPs)
             Began as a Gargoyle Monk on June 12, 2016.
             Was a Believer of Okawaru.
             Slain by an ogre
             ... wielding a +0 giant spiked club
              (22 damage)
             ... on level 4 of the Dungeon.
             The game lasted 00:11:24 (5356 turns).

Kenran the Grappler (Gargoyle Monk)                 Turns: 5356, Time: 00:11:25

Health: -1/46      AC: 14    Str: 15    XL:     7   Next: 85%
Magic:  7/7        EV:  7    Int: 13    God:    Okawaru [**....]
Gold:   278        SH:  0    Dex: 13    Spells: 0 memorised, 6 levels left

rFire  . . .     SeeInvis .       - Unarmed
rCold  . . .     Gourm    .     h - +1 chain mail
rNeg   + . .     Faith    .     (no shield)
rPois  ∞         Spirit   .     (no helmet)
rElec  +         Dismiss  .     (no cloak)
rCorr  .         Reflect  .     y - +0 pair of gloves "Ugrawoy" {*Drain MR+ Regen+ Int+2} (curse)
SustAt .         Harm     .     (no boots)
MR     +....                    (no amulet)
Stlth  ..........               (no ring)
                                (no ring)

@: somewhat resistant to hostile enchantments, extremely unstealthy
A: negative energy resistance 1, electricity resistance, unbreathing,
petrification resistance, rot immunity, AC +4
a: Heroism, Renounce Religion


You were on level 4 of the Dungeon.
You worshipped Okawaru.
Okawaru was pleased with you.
You were not hungry.

You visited 1 branch of the dungeon, and saw 5 of its levels.
You also visited: Sewer.

You collected 278 gold pieces.

Inventory:

Armour
 e - a +2 buckler
 h - a +1 chain mail (worn)
 y - the cursed +0 pair of gloves "Ugrawoy" (worn) {*Drain MR+ Regen+ Int+2}
   (You found it on level 4 of the Dungeon)

   It affects your intelligence (+2).
   It affects your resistance to hostile enchantments.
   It increases your rate of regeneration.
   It causes draining when unequipped.
   It has a curse placed upon it.
Jewellery
 p - a cursed amulet of inaccuracy {unknown}
Wands
 l - a wand of slowing (19/48)
 x - a wand of lightning (10/15)
Scrolls
 i - a scroll of magic mapping
 n - a scroll of teleportation {unknown}
 o - a scroll of blinking {unknown}
Potions
 c - 2 potions of brilliance
 d - a potion of haste {@q3}
 f - a potion of curing {@q1}
 k - a potion of invisibility
 m - 2 potions of lignification {!q}
 q - 2 potions of magic {unknown}
 t - a potion of heal wounds {@q2}
 z - 3 potions of might {unknown}
 A - a potion of degeneration {unknown}
Comestibles
 a - a slice of pizza {@e2}
 b - 3 bread rations {@e1}
 g - 2 meat rations {@e1}
 j - 9 fruits {@e2}
 r - 2 chunks of flesh


   Skills:
 - Level 6.1 Fighting
 - Level 2.4 Dodging
 - Level 2.1 Stealth
 + Level 1.2 Shields
 - Level 8.0 Unarmed Combat


You had 6 spell levels left.
You didn't know any spells.

Dungeon Overview and Level Annotations

Branches:
Dungeon (5/15)             Temple (0/1) D:5

Altars:
Ashenzari
Elyvilon
Fedhas
Hepliaklqana
Okawaru
Ru
Xom
Zin


Innate Abilities, Weirdness & Mutations

You are resistant to torment.
Your stone body is resilient. (AC +4)
You are immune to poison.
You resist negative energy. (rN+)
You are resistant to electric shocks. (rElec)
You can survive without breathing.
You are immune to petrification.
You are immune to rotting.


Message History

Found a scroll of identify.
There is an open door here.
A gnoll is nearby!
A gnoll and an ogre come into view.
The ogre shouts!
The gnoll moves out of view.
The gnoll hits you from afar with a halberd.
The gnoll hits you but does no damage.
There is a stone staircase leading up here.
The ogre hits you with a giant spiked club!!
Ouch! That really hurt!
You climb upwards.
The kobold shouts!
The kobold throws a stone.
The stone hits you but does no damage.
The kobold throws a stone.
The stone hits you but does no damage.
There is a stone staircase leading down here.
You see here a stone.
You barely miss the ogre.
The ogre hits you with a giant spiked club!!
You die...

#^....##)#..##.........
##.....#.............#..
#........#......).......
#...>..###....[.......).
#......# ##..........#..
#.##.### #.K##....###..
#.##.######..##.#.####..
#####.##.#..................
#.....##.#.@.....##.#.#####.
#.######.#.O.....##.#.# #.
#.# #................# #.
#.# #.#.........##...## ##
#.# #.###.......##....####
#.# #.# #..#....##.#.....#
#.# #.###.###.####.##.##.##
#.# #.##.## ##.# #.##......
#.# #.##..###.## #.########


You could see an ogre and a kobold.

Vanquished Creatures
  Grinder (D:4)
  A scorpion (D:4)
  A hound (D:4)
  An orc priest (D:4)
  An orc wizard (D:4)
  3 iguanas (D:4)
  Ijyb (D:2)
  A worker ant (D:4)
  7 gnolls
  9 adders
  A howler monkey skeleton (D:5)
  A river rat (D:5)
  2 oozes
  3 worms
  3 dart slugs
  14 orcs
  4 giant cockroaches
  8 goblins
  7 hobgoblins
  10 jackals
  4 quokkas
  9 ball pythons
  5 bats
  7 giant newts
  12 kobolds
  10 rats
  A plant (Sewer)
127 creatures vanquished.

Notes
Turn   | Place    | Note
--------------------------------------------------------------
     0 | D:1      | Kenran the Gargoyle Monk began the quest for the Orb.
     0 | D:1      | Reached XP level 1. HP: 14/14 MP: 1/1
    43 | D:1      | Reached XP level 2. HP: 17/19 MP: 2/2
   540 | D:1      | Reached XP level 3. HP: 21/23 MP: 3/3
   570 | D:1      | Reached skill level 5 in Unarmed Combat
   991 | D:2      | Noticed Ijyb
  1026 | D:2      | Killed Ijyb
  1026 | D:2      | Reached XP level 4. HP: 19/28 MP: 4/4
  1474 | D:2      | Found a glowing silver altar of Zin.
  1474 | D:2      | Noticed an angel
  1642 | D:2      | Reached skill level 6 in Unarmed Combat
  1716 | D:2      | Found a shattered altar of Ashenzari.
  1844 | D:3      | Found an iron altar of Okawaru.
  2073 | D:3      | Became a worshipper of Warmaster Okawaru
  2073 | D:3      | Reached * piety under Okawaru
  2073 | D:3      | Reached ** piety under Okawaru
  2114 | D:3      | Reached XP level 5. HP: 17/32 MP: 5/5
  2614 | D:3      | Found a white marble altar of Elyvilon.
  2737 | D:3      | Found a blossoming altar of Fedhas.
  2928 | D:4      | Noticed Grinder
  3087 | D:4      | Killed Grinder
  3087 | D:4      | Reached skill level 7 in Unarmed Combat
  3087 | D:4      | Reached XP level 6. HP: 27/37 MP: 6/6
  3286 | D:4      | Reached skill level 8 in Unarmed Combat
  3409 | D:4      | Reached XP level 7. HP: 39/42 MP: 7/7
  3508 | D:4      | Found a shimmering altar of Xom.
  3514 | D:4      | Found a hazy altar of Hepliaklqana.
  3847 | D:4      | Reached skill level 5 in Fighting
  3873 | D:4      | Found a sacrificial altar of Ru.
  4091 | D:4      | Got a pair of warped gloves
  4097 | D:4      | Identified the cursed +0 pair of gloves "Ugrawoy" {*Drain MR+ Regen+ Int+2} (You found it on level 4 of the Dungeon)
  4257 | D:5      | Entered Level 5 of the Dungeon
  4302 | D:5      | Found a staircase to the Ecumenical Temple.
  4496 | D:5      | Found a glowing drain.
  4506 | Sewer    | Entered a sewer
  5258 | D:5      | Reached skill level 1 in Shields
  5356 | D:4      | Slain by an ogre

Vault maps used:
D:1:      dpeg_chamrin_arrival_tetris
D:2:      zin_angel, nicolae_overflow_hidden_temple, first_bread, uniq_iyjb
D:3:      okawaru_gym_becter, elyvilon_altar_5, wad_floor_pattern_1,
          corner_web_ring, fedhas_altar_fruit_tree
D:4:      nicolae_ru_sacrificial_ziggurat, overflow_temple_1_default,
          lemuel_doored_altar, uniq_grinder
D:5:      black_bear_nest_2, nicolae_overflow_crystal_walls,
          minmay_temple_entry_fiery, portal_sewer_entry_e, minmay_misc_feat_x,
          uniq_blork_the_orc
Sewer:    sewer_co_scattered_pipes

Skill      XL: |  1  2  3  4  5  6  7 |
---------------+----------------------+-----
Unarmed Combat | 5 6 7 8 |  8.0
Fighting       | 6 |  6.1
Shields        | 1 |  1.2
Dodging        | |  2.4
Stealth        | |  2.1

Action                   |  1- 3 |  4- 6 |  7- 9 || total
-------------------------+-------+-------+-------++-------
Melee: Unarmed           |   125 |   213 |   306 ||   644
       Punch             |     1 |     3 |     7 ||    11
  Use: Scroll            |       |     3 |    11 ||    14
 Stab: Sleeping          |     1 |       |       ||     1
  Eat: Chunk             |       |     8 |     6 ||    14
       Beef jerky        |       |       |     1 ||     1
Armor: Robe              |     2 |       |       ||     2
       Chain mail        |    68 |   127 |   140 ||   335
       Leather armour    |     5 |       |       ||     5
Dodge: Dodged            |    44 |    51 |    87 ||   182
Block: Buckler           |       |       |     2 ||     2
